Map: Oceanborn LE

Players

eonblu

  • Race: Zerg Zerg
  • Spawn Location: 5:00

LiquidClem (Clem) - Winner!

  • Race: Terran Terran
  • League: Grandmaster
  • Spawn Location: 11:00

Event: HomeStory Cup XXV

VOD

Have the link to the VOD?

Description

Time

  • Played on: June 21, 2024, 8:47 a.m.
  • Length: 8:37

All games in this series

Show
View Real Time Build Order
Export as new Build Order

eonblu Zerg 

Build Orders: Hatch First 

Get SALT Encoding   

  12  0:00  Drone  
  13  0:12  Overlord  
  13  0:18  Drone  
  14  0:31  Drone x2  
  16  0:47  Hatchery  
  15  0:50  Drone  
  15  0:54  Drone  
  17  0:57  Drone  
  18  1:08  Extractor  
  17  1:12  Spawning Pool  
  17  1:15  Drone  
  17  1:19  Drone  
  18  1:28  Drone  
  19  1:38  Overlord  
  19  1:59  Queen x2  
  19  2:00  Zergling x4  
  25  2:04  Drone  
  26  2:08  Metabolic Boost  
  26  2:11  Drone x2  
  28  2:24  Drone x2  
  30  2:34  Overlord  
  30  2:36  Drone, Queen  
  32  2:43  Drone x2  
  36  2:53  Drone  
  36  2:54  Drone  
  38  3:05  Hatchery  
  35  3:08  Zergling x4  
  36  3:14  Drone  
  36  3:16  Drone x3  
  41  3:20  Drone, Queen  
  43  3:34  Overlord  
  43  3:35  Drone  
  44  3:49  Overlord x2  
  44  3:52  Queen  
  44  3:54  Zergling x6  
  49  3:56  Drone x2  
  49  4:00  Drone  
  52  4:07  Queen  
  54  4:10  Drone x2  
  56  4:17  Overlord  
  56  4:18  Drone  
  56  4:22  Drone x4  
  61  4:26  Hatchery  
  61  4:28  Zergling x6  
  61  4:30  Drone x2  
  65  4:33  Drone  
  65  4:36  Queen  
  68  4:39  Drone x2  
  68  4:42  Drone  
  71  4:50  Drone x2  
  73  4:58  Drone  
  72  5:00  Evolution Chamber  
  72  5:02  Drone x4, Evolution Chamber  
  72  5:03  Lair  
  72  5:06  Drone x2, Extractor  
  75  5:07  Baneling Nest  
  75  5:08  Extractor  
  75  5:10  Spore Crawler  
  75  5:11  Spore Crawler  
  75  5:12  Spore Crawler  
  75  5:13  Drone x2  
  72  5:15  Drone  
  72  5:18  Drone x2  
  72  5:20  Drone  
  75  5:25  Drone x2  
  75  5:27  Drone  
  75  5:30  Drone x2  
  75  5:38  Zergling x2  
  75  5:39  Zergling x8  
  75  5:41  Zergling x4  
  82  5:48  Zerg Ground Armor Level 1  
  82  5:58  Hatchery  
  80  6:06  Drone  
  80  6:07  Drone  
  80  6:11  Drone x3  
  85  6:13  Centrifugal Hooks  
  85  6:14  Zergling x6  
  85  6:15  Overlord x4  
  85  6:16  Overlord x2  
  83  6:25  Drone x7  
  83  6:31  Drone x2  
  80  6:34  Zerg Melee Weapons Level 1  
  77  6:41  Zergling x20  
  77  6:42  Zergling x2  
  88  6:51  Drone x4  
  91  6:59  Zergling x6  
  91  7:00  Baneling x6  
  93  7:06  Zergling x12  
  80  7:20  Zergling x20  
  82  7:30  Zergling x10  
  82  7:33  Baneling x4  
  83  7:39  Zergling x2  
  83  7:40  Zergling x20  
  93  7:49  Zergling x8  
  93  7:50  Hatchery  
  92  7:57  Zergling x2  
  92  7:58  Zergling x6  
  96  8:04  Baneling x16  
  95  8:09  Zergling x14  
  102  8:17  Zergling x14  
  102  8:19  Baneling  
Show
View Real Time Build Order
Export as new Build Order

LiquidClem Terran - Winner!

Build Orders: Liberator Opening, Reaper Expand 

Get SALT Encoding   

  12  0:00  SCV  
  13  0:12  SCV  
  14  0:17  Supply Depot  
  14  0:24  SCV  
  15  0:38  SCV  
  15  0:41  Barracks  
  16  0:43  Refinery  
  16  0:50  SCV  
  17  1:02  SCV  
  18  1:14  SCV  
  19  1:27  Orbital Command, Reaper  
  20  1:38  Command Center  
  20  1:45  Supply Depot  
  20  1:53  SCV  
  21  1:59  Marine  
  22  2:05  SCV  
  23  2:09  Factory  
  23  2:17  SCV  
  23  2:20  Barracks Reactor  
  24  2:29  SCV  
  25  2:40  Command Center  
  25  2:43  SCV  
  26  2:51  Orbital Command  
  26  2:55  SCV  
  27  3:05  Hellion x2  
  31  3:08  SCV  
  32  3:13  Starport  
  32  3:17  SCV  
  33  3:21  SCV, Refinery  
  34  3:28  Hellion  
  34  3:29  Hellion  
  34  3:32  SCV  
  34  3:33  SCV  
  39  3:41  Barracks Tech Lab  
  39  3:44  SCV  
  39  3:45  SCV  
  41  3:49  Liberator  
  41  3:52  Hellion  
  41  3:54  Orbital Command  
  46  3:56  SCV  
  46  3:59  Hellion  
  46  4:00  SCV  
  46  4:02  Marine  
  50  4:08  SCV, Stimpack  
  52  4:12  SCV  
  52  4:15  Supply Depot  
  53  4:19  Barracks  
  53  4:20  SCV  
  53  4:21  SCV  
  55  4:24  Barracks  
  55  4:28  SCV  
  55  4:30  Orbital Command, Marine, Factory Reactor  
  55  4:31  Refinery  
  57  4:34  SCV  
  57  4:37  Supply Depot, Starport Reactor  
  58  4:40  SCV  
  59  4:46  SCV  
  59  4:47  Engineering Bay  
  59  4:48  Engineering Bay  
  59  4:52  SCV  
  60  4:57  SCV  
  60  4:58  SCV  
  61  5:00  Marine  
  61  5:04  SCV  
  61  5:05  Barracks  
  61  5:06  Barracks  
  63  5:09  SCV  
  63  5:10  SCV  
  63  5:12  Refinery  
  63  5:13  Factory Tech Lab  
  65  5:15  Marine x2  
  65  5:16  SCV  
  65  5:18  Marine  
  66  5:22  SCV x2, Marine  
  66  5:27  Marine  
  63  5:28  SCV  
  63  5:32  Terran Infantry Weapons Level 1  
  63  5:33  Terran Infantry Armor Level 1  
  63  5:34  SCV x2  
  66  5:38  Marine x3  
  66  5:40  Marine  
  66  5:41  SCV  
  71  5:43  Supply Depot  
  71  5:46  Medivac  
  71  5:47  Medivac  
  75  5:50  SCV  
  75  5:51  SCV  
  75  5:53  Barracks Reactor x2  
  77  6:02  Supply Depot  
  77  6:04  SCV, Marine x2  
  77  6:05  SCV x2  
  77  6:08  Supply Depot, Combat Shield  
  77  6:10  Siege Tank  
  85  6:13  Marine  
  85  6:15  Marine x2  
  85  6:17  SCV x3  
  91  6:22  Marine x2  
  93  6:29  SCV x2  
  93  6:31  Marine x4  
  93  6:32  Marine x2  
  92  6:33  Marine  
  92  6:36  SCV  
  92  6:39  Factory  
  91  6:40  Marine x2  
  91  6:41  SCV  
  91  6:44  Supply Depot  
  94  6:48  Marine  
  94  6:49  Siege Tank  
  94  6:50  SCV  
  94  6:51  Supply Depot, Medivac  
  94  6:53  Medivac  
  103  6:54  Marine  
  103  6:55  Marine  
  103  6:56  Marine  
  103  6:57  Marine  
  103  7:00  Marine x2  
  109  7:06  SCV, Marine x3  
  109  7:07  SCV x2  
  114  7:10  Supply Depot  
  114  7:12  Marine  
  114  7:14  Marine x2  
  114  7:15  Marine  
  118  7:19  SCV, Marine, Armory  
  119  7:26  Factory Reactor  
  119  7:28  Marine  
  119  7:29  Widow Mine  
  121  7:31  Marine x2  
  121  7:32  Marine  
  121  7:36  Command Center  
  121  7:37  SCV, Refinery  
  123  7:38  SCV  
  123  7:41  Marine  
  123  7:42  Refinery, Medivac x2  
  123  7:44  Marine x2  
  130  7:46  Marine  
  130  7:47  Marine  
  130  7:49  Marine x2  
  133  7:54  Supply Depot  
  133  7:59  SCV x3  
  133  8:10  Supply Depot  
  133  8:14  Supply Depot  
  133  8:16  SCV, Marine x5  
  141  8:22  SCV  
  141  8:24  SCV  
  133  8:33  Supply Depot x2  
Tags
 
Add a new tag
Caveats
  • Supply blocks, unpowered buildings, or Contaminate may cause inaccurate times.
  • Supply counts are checked every 10 seconds.